 Dungeon Crawl Stone Soup version 0.23-a0-139-ga22e90c45f (webtiles) character file.

261 Jesh the Sneak (level 5, 0/24 HPs)
             Began as a Spriggan Enchanter on Aug 31, 2018.
             Killed from afar by an orc wizard (11 damage)
             ... with a puff of flame
             ... on level 4 of the Dungeon.
             The game lasted 00:10:23 (3626 turns).

Jesh the Sneak (Spriggan Enchanter)                 Turns: 3626, Time: 00:10:24

Health: 0/24       AC:  2    Str: 10    XL:     5   Next: 96%
Magic:  2/13       EV: 18    Int: 18    God:
Gold:   219        SH:  0    Dex: 16    Spells: 1/13 levels left

rFire    . . .     SeeInvis +   a - +2 dagger
rCold    . . .     Gourm    .   (shield restricted)
rNeg     . . .     Faith    .   b - +0 robe
rPois    .         Spirit   .   (helmet restricted)
rElec    .         Reflect  .   (no cloak)
rCorr    .         Harm     .   (gloves unavailable)
MR       .....                  (boots unavailable)
Stlth    ++++......             (no amulet)
HPRegen  0.08/turn              g - +3 ring of slaying
MPRegen  0.13/turn              h - +6 ring of strength

@: very quick
A: very small, unfitting armour, see invisible, herbivore, speed 3, slow
metabolism 2
a: no special abilities


You were on level 4 of the Dungeon.
You were not hungry.

You visited 1 branch of the dungeon, and saw 4 of its levels.

You collected 219 gold pieces.

Inventory:

Hand Weapons
 a - a +2 dagger (weapon)
Missiles
 c - a throwing net (quivered)
Armour
 b - a +0 robe (worn)
Jewellery
 g - a +3 ring of slaying (left hand)
 h - a +6 ring of strength (right hand)
 i - an uncursed ring of poison resistance {unknown}
 l - a cursed ring of attention {unknown}
Wands
 n - a wand of digging (16)
Scrolls
 e - a scroll of amnesia
Potions
 f - 2 potions of curing
 j - a potion of experience {unknown}
 k - 2 potions of brilliance
 m - a potion of heal wounds
Comestibles
 d - 6 rations


   Skills:
 - Level 1.1 Short Blades
 - Level 3.0 Dodging
 + Level 7.5 Stealth
 - Level 4.6 Spellcasting
 - Level 5.3 Hexes


You had one spell level left.
You knew the following spells:

 Your Spells              Type           Power        Failure   Level  Hunger
a - Ensorcelled Hibernat  Hex/Ice        ##....       7%          2    #......
b - Corona                Hex            ###....      1%          1    None
c - Confuse               Hex            ###.....     4%          3    ###....
d - Tukima's Dance        Hex            ###.....     4%          3    ###....
e - Dazzling Spray        Conj/Hex       ##....       14%         3    ###....

Your spell library contained the following spells:

 Spells                   Type           Power        Failure   Level  Hunger
 Confusing Touch          Hex            ###...       1%          1    None
 Gell's Gravitas          Tloc           #.........   38%         3    ###....
 Metabolic Englaciation   Hex/Ice        ##........   78%         5    ######.
 Yara's Violent Unravell  Hex/Tmut       ##........   78%         5    ######.
 Petrify                  Tmut/Erth      #.......     80%         4    ####...


Dungeon Overview and Level Annotations

Branches:
Dungeon (4/15)
 Temple: D:4-7

Altars:
Yredelemnul


Innate Abilities, Weirdness & Mutations

You are very small and have problems with some larger weapons.
You are too small for most types of armour.
You have supernaturally acute eyesight. (SInv)
You are a herbivore.
You cover ground extremely quickly.
You need to consume almost no food.


Message History

The orc shouts! x2
You puncture the orc!
You kill the orc!
You see here a hound corpse.
You start resting.
The orc wizard is too close now for your liking.
An orc wizard is nearby!
The orc wizard points at you and mumbles some strange words.
The magic dart hits you!
You closely miss the orc wizard. The orc wizard hits you with a dagger.
Casting: Ensorcelled Hibernation (safe; 7% risk of failure)
Confirm with . or Enter, or press ? or * to list all spells.
Aiming: Ensorcelled Hibernation (safe; 7% risk of failure)
Press: ? - help, Shift-Dir - straight line, f - orc wizard
Aim: an orc wizard, wielding a dagger and wearing a robe (chance to defeat MR: The orc wizard resists with some effort.
The orc shouts!
The orc wizard gestures at you while chanting.
The puff of flame hits you!
You die...

.......o#..##.#.#..#.##.##..
.......o.....................
###.#..[##..##...#..####.##..
.......##.............[.....
###.#...##..##..##.#####.###.
...#...##.o....##.### #.# ##
#. .... ##o##..##...###.####
#o##...............
#.@........###.....
#.########## ###### #)# ###


You could see an orc wizard and 2 orcs.

Vanquished Creatures
  A hound (D:4)
  An orc wizard (D:2)
  A worker ant (D:4)
  4 adders
  6 gnolls
  A worm (D:2)
  2 leopard geckos
  11 orcs
  2 ball pythons (D:1)
  5 giant cockroaches
  5 goblins
  7 hobgoblins
  8 jackals
  5 kobolds
  6 bats
  3 frilled lizards
  7 rats
75 creatures vanquished.

Notes
Turn   | Place    | Note
-------+----------+-------------------------------------------
     0 | D:1      | Jesh the Spriggan Enchanter began the quest for the Orb.
     0 | D:1      | Reached XP level 1. HP: 9/9 MP: 5/5
   492 | D:1      | Reached XP level 2. HP: 13/13 MP: 7/7
   496 | D:1      | Learned a level 2 spell: Ensorcelled Hibernation
  1210 | D:2      | Reached XP level 3. HP: 16/16 MP: 9/9
  1215 | D:2      | Learned a level 3 spell: Confuse
  1219 | D:2      | Learned a level 3 spell: Tukima's Dance
  1401 | D:2      | Reached XP level 4. HP: 14/21 MP: 8/11
  1469 | D:2      | Reached skill level 5 in Hexes
  1485 | D:2      | HP: 1/21 [orc/flail (7)]
  2089 | D:2      | Learned a level 3 spell: Dazzling Spray
  2235 | D:3      | Reached skill level 5 in Stealth
  2605 | D:3      | Reached XP level 5. HP: 24/24 MP: 13/13
  2952 | D:3      | Reached skill level 6 in Stealth
  3471 | D:3      | Found a basalt altar of Yredelemnul.
  3590 | D:4      | Reached skill level 7 in Stealth
  3626 | D:4      | Killed from afar by an orc wizard

Vault maps used:
D:1:      nzn_arrival_settlement, minmay_misc_feat_columns
D:2:      first_ration, hex_intersection
D:3:      lemuel_coloured_pillars_altar, hangedman_decor_opposing
D:4:      hex_tiny

Skill      XL: |  1  2  3  4  5 |
---------------+----------------+-----
Spellcasting   | 3 4 |  4.6
Hexes          | 4 5 |  5.3
Stealth        | 5 7 |  7.5
Short Blades   | |  1.1
Dodging        | |  3.0

Action                   |  1- 3 |  4- 6 || total
-------------------------+-------+-------++-------
Melee: Dagger            |    79 |   101 ||   180
 Cast: Corona            |     3 |       ||     3
       Ensorcelled Hiber |     6 |    19 ||    25
       Dazzling Spray    |       |     1 ||     1
  Use: Scroll            |     4 |     4 ||     8
       Potion            |       |     1 ||     1
 Stab: Sleeping          |    14 |    16 ||    30
       Distracted        |     1 |       ||     1
       Invisible         |       |     2 ||     2
  Eat: Ration            |       |     1 ||     1
Armor: Robe              |     4 |     7 ||    11
Dodge: Dodged            |    61 |    82 ||   143

Table legend:
 A = Non-vault XP
 B = Vault XP
 C = Vault XP percentage of total XP
 D = Non-vault monster count
 E = Vault monster count
 F = Vault count percentage of total count
                 A         B        C        D         E       F
            +---------+---------+-------+---------+---------+-------
      Total |     374 |       0 |   0.0 |      75 |       0 |   0.0
            +---------+---------+-------+---------+---------+-------
        D:1 |      28 |       0 |   0.0 |      16 |       0 |   0.0
        D:2 |     131 |       0 |   0.0 |      24 |       0 |   0.0
        D:3 |     128 |       0 |   0.0 |      28 |       0 |   0.0
        D:4 |      87 |       0 |   0.0 |       7 |       0 |   0.0
            +---------+---------+-------+---------+---------+-------
